 Dungeon Crawl Stone Soup version 0.29.1-1-gd02db6906a (webtiles) character file.

Game seed: 16790462001155290096

2974 lonewolfV2 the Slasher (level 9, -4/126 HPs)
             Began as a Troll Fighter on Oct 13, 2022.
             Was an Initiate of Makhleb.
             Slain by a gnoll
             ... wielding a +0 spear
             ... led by a gnoll sergeant
              (7 damage)
             ... on level 7 of the Dungeon on Oct 14, 2022.
             The game lasted 00:14:32 (5161 turns).

lonewolfV2 the Slasher (Troll Fighter)              Turns: 5161, Time: 00:14:33

Health: -4/126     AC: 24    Str: 28    XL:     9   Next: 53%
Magic:  8/8        EV:  1    Int:  4    God:    Makhleb [......]
Gold:   333        SH:  9    Dex: 11    Spells: 8/8 levels left

rFire   . . .      SeeInvis .   h - +3 scimitar of Zeptas {elec, Will+}
rCold   . . .      Faith    .   b - +0 kite shield
rNeg    . . .      Spirit   .   (body armour currently unavailable)
rPois   +          Reflect  .   (helmet currently unavailable)
rElec   .          Harm     .   (cloak currently unavailable)
rCorr   .          Rampage  .   (gloves unavailable)
Will    +....      NoTele   +   (boots unavailable)
Stlth   +.........              (no amulet)
HPRegen 1.11/turn               (no ring)
MPRegen 0.11/turn               (no ring)

@: mighty, lethally poisoned (-4 -> -9), tree-form, weakened
A: stationary, stasis, torment immunity, boosted hp, large, unfitting armour,
(claws 3), regeneration 1, (shaggy fur 1), (tough skin 1)
a: Renounce Religion


You were on level 7 of the Dungeon.
You worshipped Makhleb.
Makhleb was noncommittal.
You were a tree.
You visited 2 branches of the dungeon, and saw 8 of its levels.

You collected 333 gold pieces.

Inventory:

Hand Weapons
 h - the +3 scimitar of Zeptas (weapon) {elec, Will+}
   (You acquired it on level 4 of the Dungeon)

   It occasionally discharges a powerful burst of electricity upon striking a
   foe.
   Will:      It increases your willpower.
Armour
 a - a +0 robe
 b - a +0 kite shield (worn)
 e - +1 storm dragon scales (melded)
Wands
 f - a wand of polymorph (5)
 l - a wand of mindburst (11)
Scrolls
 i - 2 scrolls of identify
 j - a scroll of blinking
 k - a scroll of enchant armour
 p - a scroll of amnesia {unknown}
Potions
 g - a potion of degeneration
 m - a potion of cancellation
 n - a potion of lignification
 o - 5 potions of mutation
 q - a potion of brilliance {unknown}


   Skills:
 + Level 4.3 Fighting
 + Level 6.2 Long Blades
 + Level 4.8 Armour
 + Level 3.9 Dodging
 + Level 0.4 Stealth
 + Level 6.1 Shields
 + Level 4.0 Unarmed Combat


You had 8 spell levels left.
You didn't know any spells.
Your spell library contained the following spells:

 Spells                   Type           Power      Damage    Failure   Level
 Magic Dart               Conj           0%         1d3       77%         1
 Sting                    Tmut/Pois      0%         1d3       77%         1
 Call Imp                 Summ           0%         N/A       88%         2
 Poisonous Vapours        Pois/Air       0%         N/A       88%         2
 Mephitic Cloud           Conj/Pois/Air  0%         N/A       98%         3
 Olgreb's Toxic Radiance  Pois           0%         N/A       100%        4


Dungeon Overview and Level Annotations

Branches:
Dungeon (7/15)             Temple (1/1) D:6

Altars:
Ashenzari
Dithmenos
Fedhas
Gozag
Makhleb
Nemelex Xobeh
Trog
Xom
Zin

Shops:
D:3 [

Annotations:
D:7 1 runed translucent door


Innate Abilities, Weirdness & Mutations

You are a tree.
Your roots penetrate the ground, keeping you stationary.
You cannot be teleported.
You are immune to unholy pain and torment.
Your maximum health is greatly increased.
Your equipment is partially melded.
You are too large for most types of armour.
((You have claws for hands.))
Your natural rate of healing is unusually fast.
((You are covered in fur. (AC +1)))
((You have tough skin. (AC +1)))


Message History

You are poisoned.
You block the gnoll's attack. The gnoll hits you but does no damage.
The gnoll bouda barks out a call to the hunt!
The gnolls pick up the pace!
The kobold brigand hits you but does no damage.
The gnoll hits you but does no damage. x2
You block the gnoll sergeant's attack.
You slash the gnoll bouda!
You kill the gnoll bouda!
Makhleb accepts your kill.
You feel very sick. The gnoll hits you but does no damage.
You block the gnoll's attack.
The kobold brigand hits you with a +0 whip.
* * * LOW HITPOINT WARNING * * *
The gnoll hits you but does no damage. You block the gnoll's attack.
The gnoll sergeant hits you from afar with a +3 spear of venom.
* * * LOW HITPOINT WARNING * * *
The gnoll hits you but does no damage.
You slash the gnoll! Lightning courses through the gnoll!!
You kill the gnoll!
Makhleb accepts your kill.
You feel sick. You block the kobold brigand's attack.
The gnoll hits you but does no damage. The gnoll barely misses you.
The gnoll sergeant hits you but does no damage.
You are more poisoned.
The gnoll hits you but does no damage.
The kobold brigand completely misses you.
The gnoll hits you from afar with a +0 spear.
* * * LOW HITPOINT WARNING * * *
You hit the kobold brigand.
The kobold brigand is lightly wounded.
* * * LOW HITPOINT WARNING * * *
You feel very sick. The gnoll hits you but does no damage.
The gnoll sergeant hits you but does no damage.
You block the gnoll's attack.
The kobold brigand hits you with a +0 whip.
* * * LOW HITPOINT WARNING * * *
The gnoll hits you from afar with a +0 spear!
You die...

# # ##...
############....
.................###
.###....###...... .#
..........#.#...##.#####
............#...........
##.#....#.#<............
##..##......#..)♣)g.....
###.##.##......K).......
# #.....###..).g.gg.....
# ####..................
# #.#................ #
#.#................ #
#.................. ##
#.................. .#
#..................


You could see a kobold brigand, a gnoll sergeant (swift) and 3 gnolls.

Vanquished Creatures
  Grinder (D:4)
  5 yaks (D:6)
  A water moccasin (D:5)
  An ice beast (D:6)
  2 centaurs
  A kobold brigand (D:6)
  2 phantoms (D:5)
  Blork the orc (D:4)
  2 bullfrogs (D:6)
  4 scorpions
  4 wights (D:6)
  A howler monkey (D:6)
  A jelly (D:7)
  2 gnoll boudas
  5 orc priests
  4 hounds
  3 iguanas
  2 orc wizards
  7 gnolls
  6 adders
  A shadow imp (D:5)
  2 white imps
  4 ufetubi
  3 worms
  7 dart slugs
  20 orcs
  5 ball pythons
  6 bats
  7 endoplasms
  4 giant cockroaches
  6 goblins
  7 hobgoblins
  11 jackals
  4 quokkas
  A frilled lizard (D:3)
  10 kobolds
  4 rats
157 creatures vanquished.

Vanquished Creatures (others)
  3 plants (D:5)
3 creatures vanquished.

Grand Total: 160 creatures vanquished

Notes
Turn   | Place    | Note
-------+----------+-------------------------------------------
     0 | D:1      | lonewolfV2 the Troll Fighter began the quest for the Orb.
     0 | D:1      | Reached XP level 1. HP: 22/22 MP: 0/0
   100 | D:1      | Reached XP level 2. HP: 29/29 MP: 1/1
   351 | D:1      | Reached XP level 3. HP: 36/36 MP: 2/2
   771 | D:2      | Found a faded altar of an unknown god.
   791 | D:2      | You fall into a shaft and drop 1 floor!
   920 | D:3      | Reached XP level 4. HP: 44/44 MP: 3/3
  1435 | D:3      | Found Puqeab Vaff's Armour Boutique.
  1567 | D:4      | Reached XP level 5. HP: 34/50 MP: 4/4
  1691 | D:4      | Identified a scroll of acquirement
  1691 | D:4      | Acquired the +3 scimitar of Zeptas {elec, Will+}
  1760 | D:4      | Reached skill level 1 in Armour
  1760 | D:4      | Reached XP level 6. HP: 59/59 MP: 5/5
  1870 | D:4      | Noticed Blork the orc
  1887 | D:4      | Killed Blork the orc
  2568 | D:4      | Noticed Grinder
  2577 | D:4      | Killed Grinder
  2578 | D:4      | Reached XP level 7. HP: 67/67 MP: 6/6
  2739 | D:5      | Entered Level 5 of the Dungeon
  3117 | D:5      | Reached XP level 8. HP: 75/75 MP: 7/7
  3719 | D:6      | Reached skill level 5 in Shields
  3884 | D:6      | Reached skill level 5 in Long Blades
  3935 | D:6      | Found a staircase to the Ecumenical Temple.
  4086 | D:6      | Reached XP level 9. HP: 32/84 MP: 8/8
  4520 | Temple   | Entered the Ecumenical Temple
  4540 | Temple   | Became a worshipper of Makhleb the Destroyer
  5033 | D:7      | Found a large runed translucent door.
  5161 | D:7      | HP: 6/126 [poisoned by a gnoll sergeant]
  5161 | D:7      | Slain by a gnoll

Illustrated notes

Levels and vault maps discovered:
D:1:      heliophobic_arrival_battle_scene, layout_loops_ring
D:2:      minmay_angry_zag, layout_rooms, hellmonk_ecumenical_altar_dog_temple
D:3:      layout_loops_ring, serial_shops, nicolae_shop_waterfront
D:4:      layout_basic, uniq_grinder, uniq_blork_the_orc
D:5:      layout_gridville, serial_bayou, serial_bayou_pond_c,
          serial_bayou_shore_b, serial_bayou_pond_b, serial_bayou_shore_b
D:6:      layout_loops_cross, minmay_temple_entry_large_hall
D:7:      layout_basic, jmf_multi_god_temple2,
          lemuel_mausoleum_altar_kikubaaqudgha, serial_shops,
          nicolae_shop_hallway_plus
Temple:   hellmonk_temple_of_storms

Skill      XL: |  1  2  3  4  5  6  7  8  9 |
---------------+----------------------------+-----
Shields        | 3 4 5 6 |  6.1
Dodging        | 3 |  3.9
Unarmed Combat | 3 4 |  4.0
Armour         | 1 2 4 |  4.8
Fighting       | 3 4 |  4.3
Long Blades    | 2 3 5 6 |  6.2
Stealth        | |  0.4

Action                   |  1- 3 |  4- 6 |  7- 9 || total
-------------------------+-------+-------+-------++-------
Melee: Unarmed           |   101 |    94 |       ||   195
       Scimitar          |       |    47 |   273 ||   320
  Use: Scroll            |     3 |     4 |     5 ||    12
       Potion            |       |       |    10 ||    10
 Stab: Sleeping          |     1 |       |       ||     1
Armor: Robe              |    31 |       |       ||    31
       Storm dragon scal |     3 |   137 |   284 ||   424
       Skin              |       |       |    28 ||    28
Dodge: Dodged            |    44 |    46 |   120 ||   210
Block: Kite shield       |    48 |    94 |   202 ||   344
